 Dungeon Crawl Stone Soup version 0.19.5 (webtiles) character file.

5588 JeffiDaFish the Basher (level 10, -6/64 HPs)
             Began as a Gargoyle Fighter on Nov 9, 2017.
             Was a Priest of Okawaru.
             Killed from afar by a gargoyle (22 damage)
             ... with a stone arrow
             ... on level 11 of the Dungeon.
             The game lasted 00:19:54 (7362 turns).

JeffiDaFish the Basher (Gargoyle Fighter)           Turns: 7362, Time: 00:19:55

Health: -6/64      AC: 21    Str: 19    XL:     10   Next: 72%
Magic:  10/10      EV: 10    Int: 10    God:    Okawaru [***...]
Gold:   530        SH:  0    Dex: 12    Spells: 0 memorised, 9 levels left

rFire  + + +     SeeInvis .     c - +7 great mace "Firestarter" {inner flame, rF++}
rCold  . . .     Gourm    .     n - +1 chain mail
rNeg   + . .     Faith    .     (shield currently unavailable)
rPois  ∞         Spirit   .     (helmet restricted)
rElec  +         Reflect  .     q - +0 cloak
rCorr  .         Harm     .     (no gloves)
MR     +....     Clarity  +     k - +0 pair of boots
Stlth  ..........               (no amulet)
                                m - ring of protection from magic
                                i - ring of protection from fire

@: flying
A: antennae 1, big wings, clarity, negative energy resistance 1, electricity
resistance, unbreathing, petrification resistance, rot immunity, AC +7
a: Stop Flying, Heroism, Renounce Religion


You were on level 11 of the Dungeon.
You worshipped Okawaru.
Okawaru was most pleased with you.
You were not hungry.

You visited 2 branches of the dungeon, and saw 11 of its levels.

You collected 530 gold pieces.

Inventory:

Hand Weapons
 a - a +1 flail
 c - the +7 great mace "Firestarter" (weapon) {inner flame, rF++}
   (You found it on level 7 of the Dungeon)

   It has been specially enchanted to burn those struck by it, causing extra
   injury to most foes and up to half again as much damage against particularly
   susceptible opponents.
   It greatly protects you from fire.
Armour
 k - a +0 pair of boots (worn)
 n - a +1 chain mail (worn)
 q - a +0 cloak (worn)
 y - a cursed +0 helmet
Jewellery
 i - a ring of protection from fire (left hand)
 m - a ring of protection from magic (right hand)
Wands
 g - a wand of teleportation (4/9)
Scrolls
 b - 3 scrolls of identify
 d - a scroll of recharging
 e - 4 scrolls of remove curse
 j - a scroll of enchant weapon
 p - 4 scrolls of teleportation
 s - a scroll of amnesia
Potions
 u - a potion of curing
 v - 2 potions of brilliance {unknown}
 x - a potion of resistance
Books
 w - a book of Party Tricks

   Spells                             Type                      Level
   a - Summon Butterflies             Summoning                    1
   b - Apportation                    Translocation                1
   c - Lesser Beckoning               Translocation                3
   d - Tukima's Dance                 Hexes                        3
   e - Alistair's Intoxication        Transmutation/Poison         5
   f - Invisibility                   Hexes                        6
Comestibles
 f - 7 bread rations
 h - 5 meat rations
 l - 7 fruits
 o - 2 beef jerkies
 r - 5 chunks of flesh
 t - 10 royal jellies


   Skills:
 * Level 7.9 Fighting
 * Level 9.0 Maces & Flails
 * Level 8.5 Armour
 * Level 5.0 Dodging
 - Level 2.0 Stealth
   Level 7.1 Shields


You had 9 spell levels left.
You didn't know any spells.

Dungeon Overview and Level Annotations

Branches:
Dungeon (9/15)             Temple (1/1) D:7
   Lair: D:8-11         Orc: D:9-12

Altars:
Ashenzari
Fedhas
Gozag
Hepliaklqana
Makhleb
Nemelex Xobeh
Okawaru
Sif Muna
Uskayaw
Vehumet
Xom
Yredelemnul
Zin

Shops:
D:8 :


Innate Abilities, Weirdness & Mutations

You are resistant to torment.
Your stone body is resilient. (AC +7)
You are immune to poison.
You resist negative energy. (rN+)
You are resistant to electric shocks. (rElec)
You can survive without breathing.
You are immune to petrification.
You are immune to rotting.
You have a pair of small antennae on your head.
Your large and strong wings let you fly indefinitely.
You possess an exceptional clarity of mind.


Message History

The manticore barely misses you.
The manticore claws you but does no damage.
Your chain mail prevents you from hitting the gargoyle.
The gargoyle is severely damaged.
The gargoyle hits you with a mace. The manticore bites you!
The manticore claws you. x2
* * * LOW HITPOINT WARNING * * *
Unknown command.
You are too injured to fight recklessly!
Unknown command.
You are too injured to fight recklessly!
You sock the manticore! You burn the manticore.
The manticore is filled with an inner flame.
The manticore is moderately wounded.
The gargoyle's inner flame fades away.
The manticore bites you.
* * * LOW HITPOINT WARNING * * *
The manticore claws you but does no damage. x2
The gargoyle hurls a stone arrow at you.
The stone arrow hits you!
You die...

......................#
........###########..#
#.......# #..#
#.......# #..#
#.......### #...
#..§......#
####...§§....#
......§.§.9..#
.......%.@H..#
..##########......
...... ...... ......
..... ....


You could see a manticore (inner flame) and a gargoyle.

Vanquished Creatures
  Erica (D:8)
  The ghost of JeffiDaFish the Basher, a journeyman GrFi of Okawaru (D:11)
  Joseph (D:9)
  Grinder (D:5)
  A hippogriff (D:8)
  Sigmund (D:2)
  A wyvern (D:11)
  A steam dragon (D:8)
  A hungry ghost (D:8)
  Duvessa (D:5)
  2 black bears
  2 centaurs
  4 ogres
  The ghost of duckroller the Caller, an amateur TeSu (D:3)
  A gnoll sergeant (D:8)
  7 bullfrogs
  Dowan (D:5)
  2 scorpions
  5 wights (D:7)
  A crimson imp (D:8)
  A howler monkey (D:8)
  2 centaur zombies
  6 hounds
  A bullfrog skeleton (D:6)
  4 jellies
  3 iguanas
  3 orc priests (D:8)
  8 orc wizards
  Terence (D:3)
  6 worker ants
  A hound zombie (D:8)
  9 gnolls
  10 adders
  A shadow imp (D:7)
  6 oozes
  An adder zombie (D:4)
  5 worms
  2 dart slugs
  4 leopard geckos
  30 orcs
  A ball python (D:1)
  8 bats
  3 giant cockroaches
  6 goblins
  8 hobgoblins
  10 jackals
  5 kobolds
  2 quokkas
  4 frilled lizards
  A jackal zombie (D:3)
  A leopard gecko zombie (D:7)
  3 rats
192 creatures vanquished.

Vanquished Creatures (others)
  A bat (D:2)
1 creature vanquished.

Grand Total: 193 creatures vanquished

Notes
Turn   | Place    | Note
-------+----------+-------------------------------------------
     0 | D:1      | JeffiDaFish the Gargoyle Fighter began the quest for the Orb.
     0 | D:1      | Reached XP level 1. HP: 14/14 MP: 1/1
    96 | D:1      | Reached XP level 2. HP: 16/19 MP: 2/2
  1051 | D:2      | Noticed Sigmund
  1135 | D:2      | Reached XP level 3. HP: 22/23 MP: 3/3
  1300 | D:2      | Killed Sigmund
  1300 | D:2      | Reached skill level 3 in Maces & Flails
  1300 | D:2      | Reached skill level 1 in Dodging
  1300 | D:2      | Reached skill level 1 in Stealth
  1300 | D:2      | Reached XP level 4. HP: 29/29 MP: 4/4
  1300 | D:2      | Reached XP level 5. HP: 33/33 MP: 5/5
  1408 | D:2      | Reached XP level 6. HP: 38/38 MP: 6/6
  1560 | D:2      | You fall through a shaft!
  1947 | D:3      | Noticed duckroller's ghost (amateur TeSu)
  1961 | D:3      | Killed duckroller's ghost
  1961 | D:3      | Reached skill level 4 in Maces & Flails
  1961 | D:3      | Reached skill level 5 in Shields
  2166 | D:3      | Noticed Terence
  2179 | D:3      | Killed Terence
  2695 | D:4      | Reached XP level 7. HP: 29/43 MP: 7/7
  3270 | D:5      | Entered Level 5 of the Dungeon
  3416 | D:5      | Noticed Duvessa
  3416 | D:5      | Noticed Grinder
  3429 | D:5      | Noticed Dowan
  3436 | D:5      | Killed Duvessa
  3466 | D:5      | Killed Grinder
  3466 | D:5      | Reached skill level 5 in Maces & Flails
  3466 | D:5      | Reached skill level 5 in Armour
  3470 | D:5      | Killed Dowan
  3470 | D:5      | Reached XP level 8. HP: 14/48 MP: 8/8
  3677 | D:5      | Gained mutation: You possess an exceptional clarity of mind. [potion of mutation]
  3677 | D:5      | Gained mutation: Your large and strong wings let you fly indefinitely. [potion of mutation]
  3677 | D:5      | Gained mutation: You have a pair of small antennae on your head. [potion of mutation]
  4104 | D:6      | Reached skill level 6 in Maces & Flails
  4110 | D:6      | Found a blossoming altar of Fedhas.
  4120 | D:6      | Found a shimmering altar of Xom.
  4195 | D:6      | Found a shattered altar of Ashenzari.
  4725 | D:7      | Reached skill level 5 in Fighting
  5026 | D:7      | Reached XP level 9. HP: 29/54 MP: 9/9
  5036 | D:7      | Reached skill level 7 in Maces & Flails
  5497 | D:7      | Found a staircase to the Ecumenical Temple.
  5505 | Temple   | Entered the Ecumenical Temple
  5523 | Temple   | Became a worshipper of Warmaster Okawaru
  5889 | D:8      | Reached * piety under Okawaru
  5999 | D:8      | Reached skill level 8 in Maces & Flails
  6040 | D:8      | Found a radiant altar of Vehumet.
  6043 | D:8      | Found a burning altar of Makhleb.
  6265 | D:8      | Reached ** piety under Okawaru
  6265 | D:8      | Reached XP level 10. HP: 59/61 MP: 10/10
  6275 | D:8      | Found Waoge's Book Emporium.
  6289 | D:8      | Found a sparkling altar of Nemelex Xobeh.
  6612 | D:8      | Noticed Erica
  6616 | D:8      | Killed Erica
  7240 | D:9      | Noticed Joseph
  7247 | D:9      | Killed Joseph
  7247 | D:9      | Reached *** piety under Okawaru
  7251 | D:9      | You are sucked into a shaft for 2 floors!
  7264 | D:11     | Noticed JeffiDaFish's ghost (journeyman GrFi)
  7270 | D:11     | Killed JeffiDaFish's ghost
  7270 | D:11     | Reached skill level 9 in Maces & Flails
  7344 | D:11     | Reached skill level 5 in Dodging
  7350 | D:11     | Noticed a gargoyle
  7354 | D:11     | Noticed a manticore
  7362 | D:11     | Killed from afar by a gargoyle

Skill      XL: |  1  2  3  4  5  6  7  8  9 10 |
---------------+-------------------------------+-----
Maces & Flails | 3 4 5 6 8 9 |  9.0
Armour         | 4 5 7 8 |  8.5
Dodging        | 1 2 3 5 |  5.0
Stealth        | 1 2 |  2.0
Shields        | 4 5 6 7 |  7.1
Fighting       | 4 5 6 7 |  7.9

Action                   |  1- 3 |  4- 6 |  7- 9 | 10-12 || total
-------------------------+-------+-------+-------+-------++-------
Melee: Flail             |   112 |   174 |   258 |       ||   544
       Great mace        |       |       |   109 |    70 ||   179
 Abil: Fly               |       |       |     1 |       ||     1
  Use: Scroll            |     6 |     3 |     6 |     1 ||    16
       Potion            |     3 |     4 |     6 |     1 ||    14
  Eat: Chunk             |     1 |     5 |    14 |     3 ||    23
Armor: Scale mail        |   101 |    98 |       |       ||   199
       Chain mail        |       |    64 |   260 |    38 ||   362
Dodge: Dodged            |    53 |   106 |   112 |    40 ||   311
Block: Shield            |    78 |   120 |   153 |       ||   351
